[Event "World Chess Trophy 2018"]
[Site "Tenerife"]
[Date "2018.06.18"]
[Round "3"]
[White "Kovacs, Zoltan"]
[Black "Kohlweyer, Bernd"]
[Result "1/2-1/2"]
[ECO "A11"]
[WhiteElo "2146"]
[BlackElo "2345"]
[Annotator "NA"]
[PlyCount "49"]
[EventDate "2018.06.17"]
[EventType "swiss"]
[EventCountry "ESP"]
[SourceTitle "playchess.com"]
[Source "ChessBase"]
[SourceQuality "1"]
[TimeControl "5400+30"]

1. Nf3 Nf6 2. g3 d5 3. Bg2 c6 4. c4 dxc4 5. O-O g6 6. Na3 Bg7 7. Nxc4 Be6 8. d3 O-O 9. Bd2 Ne8 10. Qc2 Nd6 11. Nxd6 exd6 12. Bc3 a5 13. Nd4 Bd7 14. Qb3 Ra7 15. a4 Na6 16. Qa3 Nb4 17. Qb3 Qb6 18. Nf3 Be6 19. Qd1 Bg4 20. Qd2 Nd5 21. Bxg7 Kxg7 22. h3 Bxf3 23. Bxf3 Nb4 $11 24. h4 Qd8 25. Qf4 1/2-1/2

[Event "World Chess Trophy 2018"]
[Site "Tenerife"]
[Date "2018.06.18"]
[Round "3"]
[White "De Rosa, Mariagrazia"]
[Black "Steiner, Juraj"]
[Result "1-0"]
[ECO "B36"]
[WhiteElo "2120"]
[BlackElo "2001"]
[Annotator "NA"]
[PlyCount "101"]
[EventDate "2018.06.17"]
[EventType "swiss"]
[EventCountry "ESP"]
[SourceTitle "playchess.com"]
[Source "ChessBase"]
[SourceQuality "1"]
[TimeControl "5400+30"]

1. e4 c5 2. Nf3 g6 3. d4 cxd4 4. Nxd4 Nc6 5. c4 Nf6 6. Nc3 d6 7. Be2 Nxd4 8. Qxd4 Bg7 9. Be3 O-O 10. Qd2 Be6 11. Rc1 Qa5 12. O-O Rfc8 13. b3 a6 14. f3 b5 15. Nd5 Qxd2 16. Bxd2 Nxd5 17. cxd5 Bd4+ 18. Kh1 Bd7 19. Rxc8+ Rxc8 20. Rc1 Rxc1+ 21. Bxc1 a5 22. g4 b4 23. Kg2 f5 24. gxf5 gxf5 25. Kg3 Kf7 26. Bg5 a4 27. Bd3 fxe4 28. Bxe4 Bb5 29. Bxh7 e6 (29... axb3 $16 30. axb3 Be5+ 31. f4 Bf6) 30. dxe6+ Kxe6 31. bxa4 Bxa4 32. Bg8+ Kf5 33. h4 Kg6 34. Bd5 Bd7 $1 35. Be4+ Kh5 $2 {[%emt 0:00:41] [#]} 36. Bd5 $2 (36. f4 $1 $18 Bb5 37. Bd5) 36... Kg6 37. f4 Bf5 38. Kf3 Kg7 39. h5 Bc2 40. h6+ Kh8 41. Kg4 Bh7 (41... Bd1+ $142 42. Kf5 Bc2+ 43. Be4 b3 44. axb3 Bxb3 45. Bf6+ Bxf6) 42. f5 Bg8 43. Be6 d5 44. Kf4 (44. Be7 $142 Bc3 45. Kh5 Bxe6 46. fxe6) 44... Bb2 45. Bxg8 Kxg8 46. f6 Bd4 47. Kf5 Kh7 48. f7 Bc5 49. Ke6 Bf8 50. Kxd5 Kg6 51. Ke6 1-0

[Event "World Chess Trophy 2018"]
[Site "Tenerife"]
[Date "2018.06.18"]
[Round "3"]
[White "Kraus, Oliver"]
[Black "Efremov, Vladislav"]
[Result "0-1"]
[ECO "A45"]
[WhiteElo "2044"]
[BlackElo "1968"]
[Annotator "NA"]
[PlyCount "90"]
[EventDate "2018.06.17"]
[EventType "swiss"]
[EventCountry "ESP"]
[SourceTitle "playchess.com"]
[Source "ChessBase"]
[SourceQuality "1"]
[TimeControl "5400+30"]

1. d4 Nf6 2. Bg5 e6 3. e4 h6 4. Bxf6 Qxf6 5. Nc3 Bb4 6. Qd2 d6 7. a3 Bxc3 8. bxc3 e5 9. Nf3 O-O 10. h3 Re8 11. Qe3 Qg6 12. d5 Qf6 13. g3 a6 14. Bg2 Nd7 15. O-O Nc5 16. Nd2 h5 17. f4 Qh6 18. Qf2 Nd7 19. Nc4 Qg6 20. Rae1 Nf6 21. fxe5 dxe5 22. Qf3 Bd7 23. Ne3 Nh7 24. Nf5 Bxf5 25. Qxf5 Qxf5 26. Rxf5 g6 27. Rf2 Nf8 28. Rb1 Rab8 29. Bf3 Nd7 30. g4 hxg4 31. hxg4 Kg7 32. g5 Nc5 33. Bg2 Rh8 34. Bf3 Rh4 35. Re1 Rbh8 36. Ree2 Rf4 37. Bg2 (37. c4 $142) 37... Rxf2 38. Rxf2 Rh5 39. Kf1 Rxg5 40. Rd2 Rg4 41. Re2 Rf4+ 42. Ke1 Kh6 43. Kd2 Kg5 44. c4 Kh4 45. Ke3 f5 $19 {[%emt 0:00:53] Kd4 [%clk 0:00:00]} 0-1

[Event "World Chess Trophy 2018"]
[Site "Tenerife"]
[Date "2018.06.18"]
[Round "3"]
[White "Harstad, Christian"]
[Black "Heimbaecher, Peter"]
[Result "1/2-1/2"]
[ECO "A40"]
[WhiteElo "1985"]
[BlackElo "1758"]
[Annotator "NA RC"]
[PlyCount "146"]
[EventDate "2018.06.17"]
[EventType "swiss"]
[EventCountry "ESP"]
[SourceTitle "playchess.com"]
[Source "ChessBase"]
[SourceQuality "1"]
[TimeControl "5400+30"]

1. d4 e5 2. dxe5 Nc6 3. Nf3 f6 4. exf6 Nxf6 5. Bg5 Bc5 6. e3 d6 7. Nc3 Be6 8. Ne4 Bb6 9. Bb5 a6 10. Bxc6+ bxc6 11. Nd4 Bd5 12. Nxf6+ gxf6 13. Bh4 Qe7 14. Qd3 Be4 15. Bxf6 Bxd3 16. Bxe7 Be4 17. Bh4 c5 18. Ne2 Bxc2 19. Rc1 Ba5+ 20. Nc3 Bd3 21. f3 Rb8 22. b3 c4 23. Kd2 d5 24. Bf6 Rg8 25. g4 Kd7 26. bxc4 dxc4 27. e4 Ke6 28. g5 $1 Rb2+ 29. Ke3 c5 30. h4 h5 31. Rhd1 Bxc3 32. Rxc3 Rxa2 (32... Re2+ $142 33. Kf4 a5) 33. Rd2 Rxd2 34. Kxd2 Rb8 35. Ra3 Rb6 36. Ke3 Bc2 37. Kf4 Rd6 38. Ra5 Rc6 39. Bc3 Bd1 40. g6 Ke7 41. g7 Kf7 42. Kg5 $2 (42. Ra1 $18 {ist viel giftiger.} Bc2 43. Rg1) 42... Bxf3 43. Kf4 Bg4 44. Ra2 Rd6 {[%emt 0:02:10] [#]} 45. Rb2 $1 Rd8 46. Rb6 Ra8 47. Rb7+ Kg8 $1 48. Ba5 Re8 {[%emt 0:02:20] [#]} 49. Bc3 (49. Ra7 $1 $16) 49... Ra8 50. Rc7 Be6 51. Rxc5 Rc8 $2 (51... Bg4 52. Rxc4 Rc8 53. Rxc8+ Bxc8) 52. Rxh5 Kf7 53. Ra5 (53. Rh6 $142 a5 54. h5) 53... Rc6 54. h5 (54. Rg5 $142 Rc8 55. h5) 54... Kg8 $11 55. Ra2 (55. Rg5 Bf7) 55... Bf7 56. Ra5 $2 (56. Rb2 $18 Kh7 57. Rb7) 56... Kh7 $1 57. Rg5 (57. Kg5 $16) 57... Rb6 $2 {[%emt 0:01:11] [#]} (57... Bg8 $16 58. Rf5 Rb6 $16 59. Rf8 Rb5) 58. Rf5 $2 (58. g8=B+ $1 {[%mdl 512] setzt Matt} Bxg8 59. Rg7+ Kh6 60. Rxg8 Kxh5 61. e5 Kh6 62. Kf5 Kh7 63. Rc8) 58... Kg8 $2 $11 {[%emt 0:00:33] and Black has nothing to worry.} 59. Kg5 Re6 (59... Rb3 $142) 60. Kf4 $2 (60. e5 $18 Rc6 61. Rf2) 60... Rc6 $2 61. Ra5 (61. Kg4 $18 {und Weiss behält klar die Oberhand.}) 61... Kh7 62. Re5 Rd6 $2 {[%emt 0:00:46] [#]} (62... Rf6+ $16 63. Kg4 Rf1) 63. Ra5 $2 (63. g8=N $1 $18 Bxg8 64. Re7+ Kh6 65. Re8) 63... Rc6 64. Rf5 $2 Kg8 65. e5 $2 Rh6 $16 66. Rf6 Rxf6+ 67. exf6 Bxh5 68. Ke5 Bf7 69. Kd6 Be8 70. Kc5 Bf7 71. Kb6 Bd5 72. Kxa6 Bf7 73. Kb6 Be6 1/2-1/2

[Event "World Chess Trophy 2018"]
[Site "Tenerife"]
[Date "2018.06.18"]
[Round "3"]
[White "Rutherford, William"]
[Black "Aledo Yanguas, David"]
[Result "1-0"]
[ECO "A47"]
[WhiteElo "1959"]
[BlackElo "1986"]
[Annotator "NA"]
[PlyCount "79"]
[EventDate "2018.06.17"]
[EventType "swiss"]
[EventCountry "ESP"]
[SourceTitle "playchess.com"]
[Source "ChessBase"]
[SourceQuality "1"]
[TimeControl "5400+30"]

1. d4 Nf6 2. Nf3 e6 3. Bf4 b6 4. e3 Bb7 5. Bd3 Be7 6. h3 h6 7. a3 c5 8. c4 d5 9. Nc3 Ne4 10. cxd5 exd5 11. Bb5+ Bc6 12. Qa4 Qd7 13. Nxd5 Bd8 14. Bxc6 Nxc6 15. Nc3 f5 16. Rd1 Nxc3 17. bxc3 Bf6 18. O-O cxd4 19. cxd4 g5 20. d5 Ne5 21. Qxd7+ Nxd7 22. Bd6 Be7 23. Bxe7 Kxe7 24. Nd4 Kf6 25. f4 g4 26. hxg4 fxg4 27. e4 Rhf8 28. e5+ Nxe5 29. fxe5+ Kxe5 30. Rfe1+ Kd6 31. Nb5+ Kd7 32. Re6 h5 33. Rd6+ Ke7 34. Re1+ Kf7 35. Rd7+ Kf6 36. Re6+ Kf5 37. g3 Rg8 38. Nd6+ Kg5 39. Ne4+ Kf5 40. Rf7# 1-0

[Event "World Chess Trophy 2018"]
[Site "Tenerife"]
[Date "2018.06.18"]
[Round "3"]
[White "Baete, Guy"]
[Black "Baez Luis, Adrian"]
[Result "1-0"]
[ECO "D05"]
[WhiteElo "1861"]
[BlackElo "1621"]
[Annotator "NA"]
[PlyCount "91"]
[EventDate "2018.06.17"]
[EventType "swiss"]
[EventCountry "ESP"]
[SourceTitle "playchess.com"]
[Source "ChessBase"]
[SourceQuality "1"]
[TimeControl "5400+30"]

1. d4 Nf6 2. Nf3 e6 3. e3 d5 4. Bd3 Be7 5. O-O O-O 6. b3 c5 7. Bb2 b6 8. Nbd2 Bb7 9. Ne5 Nbd7 10. f4 Rc8 11. Ndf3 Ne8 12. Nxd7 Qxd7 13. Ne5 Qc7 14. Rc1 f6 15. Qh5 f5 16. Qe2 Nd6 17. g4 g6 18. c4 dxc4 19. bxc4 Ne4 (19... Bf6 $11 {keeps the balance.}) 20. Bxe4 Bxe4 21. g5 Bd6 22. dxc5 bxc5 23. Bc3 Rfd8 24. h4 Qb7 25. Rf2 Bf8 (25... Bxe5 $11 26. Bxe5 Rd3) 26. Qb2 (26. h5 $16) 26... Qxb2 27. Rxb2 Rb8 28. Rb5 a6 29. Ra5 Rb6 30. Kf2 Rdb8 $2 (30... Be7 $14) 31. Re1 $2 (31. Nd7 $18) 31... Rb1 ({Black should try} 31... Rd8 $14) 32. Rxa6 Rxe1 33. Kxe1 Rb1+ 34. Ke2 (34. Kd2 $18) 34... Rh1 (34... Rc1 $16) 35. Be1 ({Don't do} 35. Rxe6 $6 Rh2+ 36. Kd1 Rc2 $14) (35. Nd7 $18 Rh2+ 36. Ke1 Rh1+ 37. Kf2) 35... Rh2+ 36. Bf2 Bb1 $2 (36... Rh1 $16 {might work better.}) 37. a4 ({Don't do} 37. Rxe6 $6 Rh1 $16) 37... Ba2 $2 (37... Be4 {ist wohl besser.} 38. a5 (38. Rxe6 Rh1 $18) 38... Rh1 39. Rxe6 Ra1) 38. Rxe6 Bg7 39. Re8+ Bf8 40. a5 Kg7 41. a6 Bd6 42. a7 Bxe5 43. a8=Q Bxc4+ 44. Kf3 Rh3+ 45. Bg3 Be2+ 46. Kxe2 1-0

[Event "World Chess Trophy 2018"]
[Site "Tenerife"]
[Date "2018.06.18"]
[Round "3"]
[White "Mamani Beltran, Daniel"]
[Black "Pirrello, Christian"]
[Result "0-1"]
[ECO "D31"]
[WhiteElo "1623"]
[BlackElo "1935"]
[Annotator "NA"]
[PlyCount "98"]
[EventDate "2018.06.17"]
[EventType "swiss"]
[EventCountry "ESP"]
[SourceTitle "playchess.com"]
[Source "ChessBase"]
[SourceQuality "1"]
[TimeControl "5400+30"]

1. d4 d5 2. c4 e6 3. Nc3 c6 4. cxd5 exd5 5. Qc2 Bd6 6. Nf3 Ne7 7. e4 dxe4 8. Nxe4 Bf5 9. Nxd6+ Qxd6 10. Bd3 Bxd3 11. Qxd3 O-O 12. O-O f6 13. Qb3+ Nd5 14. Be3 Qb4 15. Qxb4 Nxb4 16. Bf4 Re8 17. Rfe1 Nd7 18. a3 Nd5 19. Bd2 Kf7 20. Kf1 Nf8 21. Ng1 Rxe1+ 22. Rxe1 Ne6 23. Ne2 Rd8 24. Bc3 Ne7 25. Rd1 Nf5 26. b4 Nc7 27. g4 Nd6 28. Rd3 b5 29. f3 Nc4 30. Bd2 Ne6 31. Bc1 Ne5 32. Rc3 Nxd4 33. Nxd4 Rxd4 34. Be3 Rd7 35. Ke2 Nc4 36. f4 Re7 37. Kf3 $2 (37. f5 a5 38. bxa5) 37... Rxe3+ 38. Rxe3 Nxe3 39. Kxe3 Ke6 40. Ke4 g5 41. fxg5 fxg5 42. Kd4 Kd6 43. Ke4 c5 44. bxc5+ Kxc5 45. Kf5 a5 46. Kxg5 b4 47. axb4+ axb4 48. Kh6 b3 49. Kxh7 b2 0-1

[Event "World Chess Trophy 2018"]
[Site "Tenerife"]
[Date "2018.06.19"]
[Round "4"]
[White "Kohlweyer, Bernd"]
[Black "Cacciola, Alfredo"]
[Result "1-0"]
[ECO "E61"]
[WhiteElo "2345"]
[BlackElo "2219"]
[Annotator "ChessBase"]
[PlyCount "63"]
[EventDate "2018.06.17"]
[EventType "swiss"]
[EventCountry "ESP"]
[SourceTitle "playchess.com"]
[Source "ChessBase"]
[SourceQuality "1"]
[TimeControl "5400+30"]

1. d4 Nf6 2. c4 g6 3. Nc3 Bg7 4. Bg5 O-O 5. e3 d6 6. Be2 c5 7. Nf3 h6 8. Bh4 g5 9. Bg3 Nh5 10. dxc5 Nxg3 11. hxg3 dxc5 12. Qc2 f5 13. Rd1 Qe8 14. Nd2 e6 15. g4 f4 16. Nb5 fxe3 17. fxe3 Nc6 18. Nf3 Qe7 19. Qe4 a6 20. Bd3 Rxf3 21. gxf3 axb5 22. cxb5 Ne5 23. Bb1 Bd7 24. Qxb7 Rf8 25. Be4 c4 26. O-O Qc5 27. Rxd7 Qxe3+ 28. Kg2 Nxd7 29. Qxd7 Qf4 30. Qxe6+ Kh8 31. Qg6 Kg8 32. Bd5+ {[%emt 0:00:30] Kh8Be4 [%clk 0:00:00] Kg8*} 1-0

[Event "World Chess Trophy 2018"]
[Site "Tenerife"]
[Date "2018.06.19"]
[Round "4"]
[White "Kosov, Alexey"]
[Black "Kovacs, Zoltan"]
[Result "1/2-1/2"]
[ECO "C04"]
[WhiteElo "2208"]
[BlackElo "2146"]
[Annotator "NA"]
[PlyCount "54"]
[EventDate "2018.06.17"]
[EventType "swiss"]
[EventCountry "ESP"]
[SourceTitle "playchess.com"]
[Source "ChessBase"]
[SourceQuality "1"]
[TimeControl "5400+30"]

1. e4 e6 2. d4 d5 3. Nd2 Nc6 4. Bb5 Nf6 {[%emt 0:22:55] C04: French Tarrasch: 3...Nc6} 5. e5 Nd7 6. c3 Ne7 $146 ({Predecessor:} 6... Ncb8 7. f4 c5 8. Ne2 Qb6 9. Ba4 Nc6 10. Nf3 cxd4 11. cxd4 Bb4+ 12. Kf2 {0-1 (74) Kovalenko,I (2635)-Stupak,K (2565) Tallinn 2018}) 7. Ne2 c5 8. O-O cxd4 9. cxd4 Nf5 10. Bd3 Be7 11. Nb3 Nb8 12. f4 h5 13. Ng3 g6 (13... Nxg3 $11 {keeps the balance.} 14. hxg3 Nc6) 14. Nxf5 exf5 15. Be3 Nd7 16. Rc1 Nf8 17. Qf3 a6 18. Rf2 Ne6 19. Rfc2 b6 20. a3 Bb7 21. h3 h4 22. Qe2 O-O 23. Nd2 Kg7 24. Nf3 Qd7 {[%emt 0:03:24] [#]} (24... Rg8 $14) 25. Qf2 $14 (25. Nxh4 $1 $16 Bxh4 26. g4) 25... Rh8 26. b3 ({White should play} 26. Qf1 $14) 26... Bxa3 27. Ra1 Be7 $1 1/2-1/2

[Event "World Chess Trophy 2018"]
[Site "Tenerife"]
[Date "2018.06.19"]
[Round "4"]
[White "Franco, Victor"]
[Black "De Rosa, Mariagrazia"]
[Result "1/2-1/2"]
[ECO "A29"]
[WhiteElo "2126"]
[BlackElo "2120"]
[Annotator "ChessBase"]
[PlyCount "71"]
[EventDate "2018.06.17"]
[EventType "swiss"]
[EventCountry "ESP"]
[SourceTitle "playchess.com"]
[Source "ChessBase"]
[SourceQuality "1"]
[TimeControl "5400+30"]

1. c4 e5 2. g3 Nf6 3. Bg2 d5 4. cxd5 Nxd5 5. Nc3 Nb6 6. Nf3 Nc6 7. O-O Be6 8. d3 f6 9. a3 Qd7 10. Re1 g5 11. b4 O-O-O 12. Be3 h5 13. Ne4 Be7 14. Nc5 Bxc5 15. Bxc5 h4 16. a4 hxg3 17. fxg3 e4 18. dxe4 Qh7 19. Qc1 Ne5 20. Bxb6 axb6 21. a5 bxa5 22. Rxa5 Kb8 23. Qa1 Nxf3+ 24. Kf2 Kc8 25. Ra8+ Kd7 26. Rxd8+ Rxd8 27. exf3 Ke7 28. Qc3 Rd7 29. h3 Qf7 30. Qc5+ Ke8 31. Ra1 Rd6 32. Re1 Rd2+ 33. Re2 Rd1 34. Re1 Rd2+ 35. Re2 Rd1 36. Re1 1/2-1/2

[Event "World Chess Trophy 2018"]
[Site "Tenerife"]
[Date "2018.06.19"]
[Round "4"]
[White "Aledo Yanguas, David"]
[Black "Mamani Beltran, Daniel"]
[Result "1-0"]
[ECO "C01"]
[WhiteElo "1986"]
[BlackElo "1623"]
[Annotator "NA"]
[PlyCount "101"]
[EventDate "2018.06.17"]
[EventType "swiss"]
[EventCountry "ESP"]
[SourceTitle "playchess.com"]
[Source "ChessBase"]
[SourceQuality "1"]
[TimeControl "5400+30"]

1. e4 e6 2. d4 d5 3. Bd3 dxe4 4. Bxe4 Nf6 5. Bf3 c5 6. Ne2 Nc6 7. Be3 Qb6 8. dxc5 Qxb2 9. Nbc3 Nb4 10. O-O Qxc2 11. Rb1 Qxd1 12. Rfxd1 Na6 13. c6 b6 14. c7 Nxc7 15. Bxa8 Nxa8 16. Nb5 Bd7 17. Nxa7 Nd5 18. Bd4 f6 19. Ng3 e5 20. Bxe5 Nb4 21. Bd4 Nxa2 22. Bxb6 Nc3 23. Re1+ Kf7 24. Rb3 Ba4 25. Rxc3 Bb4 26. Bd4 Bxc3 27. Bxc3 Rd8 28. Ra1 Be8 29. Ne4 Nc7 30. Ba5 Rd7 31. Nc8 Nb5 32. Re1 Rd4 33. Bb6 Rd5 34. Bc5 Bd7 35. Nb6 Rd3 36. f3 Bc6 37. Nf2 Rc3 38. Bb4 Rb3 39. Bd2 Nd4 40. Nc4 Kg6 41. Na5 Rb2 42. Nxc6 Nxc6 43. Bc3 Rb3 44. Ba1 Nb4 45. Ne4 Ra3 46. Rb1 Nc2 47. Bb2 Rb3 48. Nd2 Rd3 49. Nc4 Rb3 50. Rc1 Nb4 51. Rc3 1-0

[Event "World Chess Trophy 2018"]
[Site "Tenerife"]
[Date "2018.06.19"]
[Round "4"]
[White "Efremov, Vladislav"]
[Black "Steiner, Juraj"]
[Result "1-0"]
[ECO "E11"]
[WhiteElo "1968"]
[BlackElo "2001"]
[Annotator "NA"]
[PlyCount "85"]
[EventDate "2018.06.17"]
[EventType "swiss"]
[EventCountry "ESP"]
[SourceTitle "playchess.com"]
[Source "ChessBase"]
[SourceQuality "1"]
[TimeControl "5400+30"]

1. d4 Nf6 2. c4 e6 3. Nf3 Bb4+ 4. Bd2 a5 5. g3 O-O 6. Bg2 d6 7. O-O Bxd2 8. Nbxd2 Qe7 9. Qc2 e5 10. dxe5 {[%emt 0:02:12] E11: Damenindisch (Bogoljubow-Variante)} (10. e4 c5 11. d5 Nh5 12. Qd1 g6 13. Ne1 Na6 14. a3 Nc7 15. Nd3 b5 16. b4 Ba6 17. Rc1 bxc4 18. Nxc4 Bxc4 19. Rxc4 cxb4 20. axb4 {0-1 (30) Rodriguez Lopez,R (2268)-Czebe,A (2473) Budapest 2016}) 10... dxe5 11. Ng5 h6 12. Nge4 Nbd7 13. Nc3 Nc5 $146 ({Vorgänger:} 13... c6 14. a3 Nb6 15. Nd1 Be6 16. c5 Nbd5 17. e4 Nc7 {1-0 (32) Ezsol,M (2351)-Szecsi,P (2041) Hungary 2010}) 14. Nb3 Nxb3 15. axb3 Re8 16. Nd5 Nxd5 17. cxd5 Bg4 18. h3 Bh5 19. Rfc1 Rec8 20. d6 cxd6 21. Qxc8+ Rxc8 22. Rxc8+ Kh7 23. g4 Bg6 24. Rxa5 h5 25. Raa8 Kh6 26. Rc4 e4 27. gxh5 Kxh5 28. Rh8+ Kg5 29. h4+ Kf6 30. e3 Qe5 31. Rd4 Bf5 {[%emt 0:06:48] [#]} 32. Rb8 (32. Rd8 $1 $16) 32... d5 33. Rxb7 Qd6 {[%emt 0:00:58] [#]} 34. Rb5 $1 Be6 35. Bxe4 Qc6 36. Bd3 ({But not} 36. Rbxd5 $6 Bxd5 37. Bxd5 Qc1+ 38. Kg2 Ke7 $16) 36... Ke5 37. b4 Qc1+ 38. Kg2 Qxb2 39. Bc4 Qc2 40. Bxd5 Bxd5+ 41. Rbxd5+ $18 ({Jedoch nicht} 41. Rdxd5+ Ke6 $18) 41... Ke6 42. Rd6+ Ke7 43. b5 1-0

[Event "World Chess Trophy 2018"]
[Site "Tenerife"]
[Date "2018.06.19"]
[Round "4"]
[White "Ciampi, Vincenzo"]
[Black "Baete, Guy"]
[Result "1-0"]
[ECO "A01"]
[WhiteElo "1959"]
[BlackElo "1861"]
[Annotator "NA"]
[PlyCount "120"]
[EventDate "2018.06.17"]
[EventType "swiss"]
[EventCountry "ESP"]
[SourceTitle "playchess.com"]
[Source "ChessBase"]
[SourceQuality "1"]
[TimeControl "5400+30"]

1. b3 Nf6 2. Bb2 d6 3. g3 g6 {[%emt 0:00:18] A01: Nimzowitsch-Larsen Opening} 4. Bg2 Bg7 5. d4 O-O (5... c5 6. dxc5 Qa5+ 7. Qd2 Qxc5 8. c4 Nc6 9. Nc3 O-O 10. Nh3 Qd4 11. Qxd4 Nxd4 {½-½ (32) Lenderman,A (2611)-Cornette,M (2611) chess.com INT 2018}) 6. e4 Nbd7 7. Ne2 e5 8. dxe5 Nxe5 9. h3 Nfd7 $146 ({Predecessor:} 9... Re8 10. Nbc3 {1-0 (38) Bellon Lopez,J (2421)-Hoffman,A (2491) Mislata 2000}) 10. Nbc3 Nb6 11. a4 Bd7 12. a5 Nc8 13. f4 Nc6 14. O-O a6 15. Kh2 Rb8 16. Qc1 N6e7 17. Nd5 Nxd5 18. exd5 Re8 19. Bxg7 Kxg7 20. Nd4 Qf6 21. Qd2 h5 22. Rae1 Rxe1 23. Rxe1 Ne7 24. Nf3 Re8 25. Ng5 Nf5 26. Rxe8 Bxe8 27. Qe1 Qe7 28. Qc3+ Kg8 29. Ne4 Ng7 30. h4 f5 31. Ng5 Bf7 32. Qb4 Ne8 33. Qxb7 Qe2 34. Nxf7 Kxf7 35. Qc8 Ke7 36. b4 Qe3 37. Qe6+ Qxe6 38. dxe6 c5 39. bxc5 dxc5 40. Bf1 Nc7 41. Bc4 Nxe6 (41... Kd6 {kämpft weiter.} 42. Kg2 Ke7) 42. Bxa6 Kd6 43. Bc4 Nd4 44. Bf7 Nxc2 45. Bxg6 Ne3 46. Bxh5 c4 47. Be2 c3 48. Bd3 c2 49. Bxc2 Nxc2 50. h5 Ne3 $18 51. Kh3 Ke6 52. a6 Nd5 53. a7 Nc7 54. g4 Kf6 55. g5+ Kf7 56. Kg3 Ke6 57. Kf3 Ke7 58. Ke3 Ke6 59. Kd3 Kf7 60. Kc4 Ke8 1-0

[Event "World Chess Trophy 2018"]
[Site "Tenerife"]
[Date "2018.06.19"]
[Round "4"]
[White "Pirrello, Christian"]
[Black "Rutherford, William"]
[Result "0-1"]
[ECO "D36"]
[WhiteElo "1935"]
[BlackElo "1959"]
[Annotator "NA"]
[PlyCount "72"]
[EventDate "2018.06.17"]
[EventType "swiss"]
[EventCountry "ESP"]
[SourceTitle "playchess.com"]
[Source "ChessBase"]
[SourceQuality "1"]
[TimeControl "5400+30"]

1. d4 d5 2. c4 e6 3. Nc3 Nf6 4. cxd5 exd5 5. Bg5 c6 6. Qc2 g6 7. Bxf6 Qxf6 8. e3 Bf5 9. Bd3 Bxd3 10. Qxd3 Nd7 11. Nf3 Bb4 12. O-O O-O 13. Rfc1 Rfe8 14. a3 Bd6 15. Nd2 Qg7 16. b4 Qh6 17. Nf3 Nf6 18. b5 Ne4 19. h3 Re6 20. bxc6 bxc6 21. Qd1 Rae8 22. Nxe4 dxe4 23. Nd2 g5 24. Nb3 g4 25. Qxg4+ Rg6 26. Qf5 Rg5 27. Qd7 Re6 28. Nc5 Reg6 29. Qe8+ Kg7 30. Qxe4 Qxh3 31. Kf1 Rxg2 32. Ke2 Rxf2+ 33. Kd3 Qh5 34. Kc4 Bxc5 35. dxc5 Rg4 36. Rg1 Qd5+ 0-1

[Event "World Chess Trophy 2018"]
[Site "Tenerife"]
[Date "2018.06.19"]
[Round "4"]
[White "Mamani Beltran, Deniman"]
[Black "Grigioni, Giulio"]
[Result "1-0"]
[ECO "B12"]
[WhiteElo "1623"]
[BlackElo "1818"]
[Annotator "NA"]
[PlyCount "58"]
[EventDate "2018.06.17"]
[EventType "swiss"]
[EventCountry "ESP"]
[SourceTitle "playchess.com"]
[Source "ChessBase"]
[SourceQuality "1"]
[TimeControl "5400+30"]

1. e4 c6 2. d4 d5 3. e5 c5 4. c3 Nc6 5. f4 cxd4 6. cxd4 Qb6 7. Nc3 e6 8. Nf3 Nh6 9. Bd3 Bd7 10. Bc2 Be7 11. O-O f5 12. h3 Nf7 13. Na4 Qc7 14. Be3 O-O 15. Rc1 b5 16. Nc3 Qb6 17. a3 Na5 18. Nd2 Nc4 19. Nxc4 bxc4 20. Rb1 a5 21. Qe2 a4 22. Rfd1 Bc6 23. g3 {[%emt 1:15:47] Qa5Bd2 [%clk 1:13:41]} Qa7 {[%emt 0:00:25] Be1 [%clk 1:14:02] Nd8 [%clk 0:40:09]} 24. Kh2 Be8 25. Qf3 {[%emt 0:00:00] Nc6 [%clk 0:37:56] Bf2 [%clk 1:07:04]} Qa5 26. Qg2 {[%emt 0:00:00] Na7 [%clk 0:34:54] Be1 [%clk 1:03:31]} Qb6 27. Bxa4 {[%emt 0:00:00] Nb5 [%clk 0:25:42] Nxd5 [%clk 1:01:13] exd5 [%clk 0:22:13] Qxd5+ [%clk 1:00:51]} Kh8 {[%emt 0:04:58] Qxa8 [%clk 1:01:04]} 28. Bc6 Qa5 {[%emt 0:00:00] Qb7 [%clk 0:21:46] d5 [%clk 1:00:36]} 29. Bxd5 Qb5 {[%emt 0:00:00] Qa7 [%clk 0:15:56] Rxd5 [%clk 1:00:48] Rb8 [%clk 0:16:10] Qd7 [%clk 1:00:44]} 1-0

[Event "World Chess Trophy 2018"]
[Site "Tenerife"]
[Date "2018.06.19"]
[Round "4"]
[White "Baez Luis, Adrian"]
[Black "Harstad, Christian"]
[Result "0-1"]
[ECO "B87"]
[WhiteElo "1621"]
[BlackElo "1985"]
[Annotator "NA"]
[PlyCount "64"]
[EventDate "2018.06.17"]
[EventType "swiss"]
[EventCountry "ESP"]
[SourceTitle "playchess.com"]
[Source "ChessBase"]
[SourceQuality "1"]
[TimeControl "5400+30"]

1. e4 c5 2. Nf3 d6 3. d4 cxd4 4. Nxd4 Nf6 5. Nc3 a6 6. Bc4 e6 7. Bb3 b5 8. Bg5 Be7 9. f4 {[%emt 0:00:44] B87: Sicilian Scheveningen/Najdorf: 6 Bc4, with early ...b5} (9. Qf3 Qc7 10. e5 Bb7 11. exd6 Bxd6 12. Qe3 Bc5 13. O-O-O Nc6 14. Bxf6 gxf6 15. Nd5 Qe5 16. Qxe5 Nxe5 17. Nc7+ Ke7 18. Nxa8 Bxg2 {½-½ (28) Radjabov,T (2710)-Topalov,V (2741) Shamkir 2017 CBM 178 [Yermolinsky,A]}) 9... h6 10. Bxf6 Bxf6 11. f5 $146 ({Predecessor:} 11. Qd3 Qb6 12. O-O-O Nd7 13. Rhe1 Nc5 14. Qe3 Bb7 15. Kb1 Nxb3 16. Nxb3 Qxe3 17. Rxe3 Bxc3 18. bxc3 {0-1 (40) Loechel,T-Sarchisov,S (2019) Germany 2008}) 11... Qb6 12. Nce2 exf5 13. exf5 Bh4+ 14. g3 Bf6 15. Qd2 O-O 16. O-O-O Bb7 17. Rhf1 a5 18. Nf3 a4 19. Bd5 b4 20. Bxb7 Qxb7 21. Qd5 Nc6 22. Ned4 Rfc8 23. Nb5 b3 24. axb3 axb3 25. c3 Qa6 26. Qxb3 Rab8 27. Qc4 Rxb5 28. Rd5 Qa1+ $19 29. Kd2 Qxb2+ 30. Ke3 Rxd5 31. Qxd5 Ne7 32. Qxd6 Nxf5+ 0-1